 Dungeon Crawl Stone Soup version 0.21-a0-349-g0c35859 (webtiles) character file.

623226 lolnoob the Demonic Arbalest (level 27, -4/314 HPs)
             Began as a Demonspawn Hunter on Oct 8, 2017.
             Was the Champion of Makhleb.
             Slain by a death cob (5 damage)
             ... on level 1 of the Realm of Zot.
             The game lasted 03:27:04 (69692 turns).

lolnoob the Demonic Arbalest (Demonspawn Hunter)   Turns: 69692, Time: 03:27:05

Health: -4/314     AC: 36    Str: 24    XL:     27
Magic:  40/40      EV: 10    Int: 15    God:    Makhleb [******]
Gold:   2263       SH:  0    Dex: 33    Spells: 18/52 levels left

rFire    + + .     SeeInvis +   E - +9 heavy crossbow "Sniper" {velocity, Acc+∞ SInv}
rCold    + + .     Gourm    .   (shield currently unavailable)
rNeg     + + .     Faith    .   i - +9 scales of the Dragon King {rPois rF+ rC+ MR+}
rPois    +         Spirit   .   (helmet unavailable)
rElec    +         Reflect  .   Y - +0 cloak of Leapfrog {rN+ Regen+}
rCorr    +         Harm     .   M - +1 pair of gloves "Ypar" {rPois rCorr}
MR       ++++.                  g - +2 pair of boots {run}
Stlth    ..........             L - macabre finger necklace {rN+}
HPRegen  1.02/turn              B - ring of Interdependent Arising {Wiz Dex+7}
MPRegen  0.27/turn              r - +5 ring of strength
                                U - ring "Porchama" {*Drain rElec rF+ MR+ Dex+4}

@: slowed, studying Spellcasting, very slow
A: antennae 3, thin skeletal structure 3, cold resistance 1, demonic guardian 3,
dopey 1, icemail, sense surroundings 1, robust 3, freezing cloud immunity,
subdued magic 1
}: 3/15 runes: serpentine, barnacled, silver
a: Minor Destruction, Lesser Servant of Makhleb, Major Destruction, Greater
Servant of Makhleb, Renounce Religion


You were on level 1 of the Realm of Zot.
You worshipped Makhleb.
Makhleb was exalted by your worship.
You were not hungry.

You visited 11 branches of the dungeon, and saw 49 of its levels.
You also visited: Wizlab.

You collected 7489 gold pieces.
You spent 5226 gold pieces at shops.

Inventory:

Hand Weapons
 a - a +7 hand crossbow of freezing
 E - the +9 heavy crossbow "Sniper" (weapon) {velocity, Acc+∞ SInv}
   (You bought it in a shop on level 2 of the Orcish Mines)

   Any bolt fired from it inflicts extra damage.
   It lets you see invisible.
 G - a +2 hand crossbow of flaming
Missiles
 d - 1654 bolts (quivered)
Armour
 g - a +2 pair of boots of running (worn)
 i - the +9 scales of the Dragon King (worn) {rPois rF+ rC+ MR+}
   (You found it on level 5 of the Vaults)

   It protects you from fire.
   It protects you from cold.
   It protects you from poison.
   It affects your resistance to hostile enchantments.
 u - the +15 plate armour of Servitude {+Blink}
   (You found it on level 10 of the Dungeon)

   It lets you blink.
 z - the +1 cloak of Starlight {rElec rC+ EV+4 Stlth--}
   (You found it on level 12 of the Dungeon)

   It affects your evasion (+4).
   It protects you from cold.
   It insulates you from electricity.
   It makes you much less stealthy.
 M - the +1 pair of gloves "Ypar" (worn) {rPois rCorr}
   (Okawaru gifted it to you on level 2 of the Lair of Beasts)

   It protects you from poison.
   It protects you from acid and corrosion.
 O - a +0 shield of reflection
 Y - the +0 cloak of Leapfrog (worn) {rN+ Regen+}
   (You found it in a wizard's laboratory)

   It protects you from negative energy.
   It increases your rate of regeneration.
Jewellery
 r - a +5 ring of strength (right hand)
 B - the ring of Interdependent Arising (left hand) {Wiz Dex+7}
   (You took it off a deep elf blademaster on level 3 of the Elven Halls)

   [ring of wizardry]

   It improves your spell success rate.
   It affects your dexterity (+7).
 J - an uncursed ring of protection from fire
 L - the macabre finger necklace (around neck) {rN+}
   (You found it on level 2 of the Depths)

   [amulet of nothing]

   It protects you from negative energy.
 S - the ring of Terra Nullius {+Fly MR+ SInv}
   (You found it on level 10 of the Dungeon)

   [ring of flight]

   It affects your resistance to hostile enchantments.
   It lets you see invisible.
   It lets you fly.
 U - the ring "Porchama" (on amulet) {*Drain rElec rF+ MR+ Dex+4}
   (You bought it in a shop on level 2 of the Snake Pit)

   [ring of protection from magic]

   It affects your dexterity (+4).
   It protects you from fire.
   It insulates you from electricity.
   It affects your resistance to hostile enchantments.
   It causes draining when unequipped.
Wands
 w - a wand of scattershot (4/9)
 x - a wand of acid (5/15)
 X - a wand of acid (7/15)
 Z - a wand of digging (15/24)
Scrolls
 c - 20 scrolls of enchant armour
 k - 3 scrolls of blinking
 m - 3 scrolls of immolation
 n - 6 scrolls of fear
 p - 8 scrolls of recharging
 s - 9 scrolls of fog
 t - 12 scrolls of teleportation
 y - 8 scrolls of magic mapping
 D - 26 scrolls of remove curse
 N - 9 scrolls of amnesia
 P - 2 scrolls of silence
 R - a scroll of identify
Potions
 j - 2 potions of agility
 o - 7 potions of magic
 v - 6 potions of haste
 A - 5 potions of cancellation
 C - 11 potions of curing
 F - 2 potions of might
 H - 10 potions of flight
 I - 9 potions of brilliance
 V - 2 potions of resistance
Books
 e - a manual of Spellcasting
 h - a book of Conjurations

   Spells                             Type                      Level
   a - Magic Dart                     Conjuration                  1
   b - Searing Ray                    Conjuration                  2
   c - Dazzling Spray                 Conjuration/Hexes            3
   d - Fulminant Prism                Conjuration/Hexes            4
   e - Force Lance                    Conjuration/Translocation    4
   f - Iskenderun's Mystic Blast      Conjuration                  4
Comestibles
 f - 36 bread rations
 l - 30 royal jellies
 q - 24 fruits
 K - 3 meat rations


   Skills:
 + Level 25.4 Fighting
   Level 4.2 Axes
 O Level 27 Crossbows
 + Level 14.3 Armour
 + Level 6.2 Dodging
 - Level 5.0 Stealth
 - Level 13.1 Spellcasting
 - Level 10.2 Necromancy
 - Level 0.8 Invocations
 - Level 7.0 Evocations


You had 18 spell levels left.
You knew the following spells:

 Your Spells              Type           Power        Failure   Level  Hunger
a - Tornado               Air            #.........   100%        9    #######
b - Disjunction           Tloc           #.........   100%        8    #######
c - Necromutation         Tmut/Necr      ###.......   100%        8    #######
d - Glaciate              Conj/Ice       #.........   100%        9    #######


Dungeon Overview and Level Annotations

Branches:
Dungeon (15/15)            Temple (1/1) D:4            Lair (6/6) D:11
 Shoals (4/4) Lair:4        Snake (4/4) Lair:4        Slime (0/5) Lair:5
    Orc (2/2) D:10            Elf (3/3) Orc:2        Vaults (5/5) D:14
  Crypt (3/3) Vaults:3       Tomb (0/3) Crypt:3      Depths (5/5) D:15
    Zot (1/5) Depths:5

Altars:
Ashenzari
Cheibriados
Dithmenos
Elyvilon
Fedhas
Gozag
Hepliaklqana
Kikubaaqudgha
Makhleb
Nemelex Xobeh
Okawaru
Qazlal
Ru
Sif Muna
Trog
Uskayaw
Vehumet
Wu Jian
Xom
Yredelemnul
Zin
The Shining One
Beogh
Lugonu

Shops:
D:10 *   Orc:2 ??}(   Elf:1 :!%!(   Shoals:1 !   Shoals:3 =   Shoals:4 [
Snake:2 }}=   Snake:4 *   Vaults:2 *   Depths:1 %?!

Portals:
Hell: Depths:1 Depths:2 Depths:3 Depths:4 Depths:5
Abyss: Depths:1 Depths:4
Pandemonium: Depths:3
Ziggurat: Depths:3


Innate Abilities, Weirdness & Mutations

You have a pair of large antennae on your head. (SInv)
You have an unnaturally thin skeletal structure. (Dex +6, Stealth++)
Your flesh is cold resistant. (rC+)
A powerful demonic guardian rushes to your aid.
A meltable icy envelope protects you from harm. (AC +0)
You are extremely robust. (+30% HP)
You are immune to freezing clouds.
You are dopey. (Int -2)
You passively map a small area around you.
Your spells are a little easier to cast, but a little less powerful.


Message History

The death cob hits you but does no damage.
The red draconian hits you with a scimitar.
* * * LOW HITPOINT WARNING * * *
The red draconian is engulfed in blazing flames.
Your cacodemon hits the black draconian! x2
The moth of wrath goads the storm dragon on!
The storm dragon goes berserk!
The red draconian shifter is engulfed in blazing flames.
The black draconian hits your cacodemon but does no damage.
Your Executioner hits the death cob.
Your Executioner hits the death cob but does no damage.
Your Executioner hits the death cob! The death cob hits you!!
* * * LOW HITPOINT WARNING * * *
The death cob drains your vigour!
You feel as though you will be slow longer.
Your cacodemon hits the black draconian!
Your cacodemon hits the black draconian.
The red draconian is engulfed in blazing flames.
The death cob hits you.
You die...

* ** , ###...........$ , ,
..................... ,
....................
*#.......[........., ,
#................ , *
..............# ,
*#.....>......# *#...!. ,
#........1@..###...§..
#######......#.zzdq..#......
#.......†.......d.Dd.#......
#.......[†........qydy......
#####....).#####.}d.q.......
#.......# #....d§§>....
#......># #...d§§§..... ,
#......## ###.2##....#.,
##.....# #...# ...# ,


You could see a storm dragon (berserk), a black draconian (berserk), 2
draconians, 3 draconians, a white draconian, a red draconian shifter, 2 death
cobs, a green draconian annihilator (inner flame), a purple draconian scorcher
(inner flame), 2 moths of wrath, a friendly cacodemon and a friendly
Executioner.

Vanquished Creatures
  2 ancient liches (Vaults:5)
  3 juggernauts
  Margery (Vaults:3)
  Vashnia (Snake:2)
  Saint Roka (Vaults:2)
  Frederick (Depths:3)
  3 golden dragons
  A profane servitor (Crypt:3)
  3 bone dragons
  7 liches
  An electric golem (Zot:1)
  Jorgrun (Crypt:1)
  6 tentacled monstrosities
  22 titans
  A quicksilver dragon (Depths:3)
  7 deep elf master archers
  A quicksilver dragon (shapeshifter) (Depths:4)
  Asterion (Vaults:2)
  10 deep elf blademasters
  A tentacled starspawn (WizLab)
  An eldritch tentacle (WizLab)
  2 sphinxes
  2 death cobs (Zot:1)
  9 ancient champions
  2 shadow dragons
  Donald (Shoals:1)
  9 storm dragons
  4 nagarajas
  8 tengu reavers
  Ilsuiw (Shoals:4)
  5 revenants
  12 fire giants
  2 fire giants (shapeshifter)
  A draconian knight (Depths:3)
  A deep elf sorcerer (Crypt:3)
  Louise (Shoals:1)
  A cacodemon (WizLab)
  12 frost giants
  A ghoul (Crypt:3)
  2 iron dragons
  2 curse skulls (Crypt:2)
  20 vault wardens
  2 draconian scorchers
  5 deep elf elementalists
  2 caustic shrike zombies
  A draconian shifter (Depths:5)
  8 ironheart preservers
  2 war gargoyles (Vaults:5)
  22 very ugly things
  8 vampire knights
  26 stone giants
  An entropy weaver (Vaults:4)
  3 draconian annihilators
  4 black draconians
  10 deep elf annihilators
  Azrael (Snake:2)
  3 green draconians
  A yellow draconian (Depths:3)
  4 deep elf demonologists (Elf:3)
  9 spark wasps
  3 white draconians
  4 red draconians
  4 eidola
  A spark wasp (shapeshifter) (Vaults:5)
  10 ettins
  8 merfolk javelineers
  12 deep elf death magi
  2 mummy priests (Crypt:3)
  12 jiangshi
  9 merfolk impalers
  18 yaktaur captains
  2 quicksilver dragon skeletons (Crypt:2)
  13 ogre magi
  4 great orbs of eyes
  Josephine (Lair:5)
  10 ice dragons
  7 deep elf high priests
  13 fire dragons
  Erolcha (Orc:2)
  40 vault guards
  Harold (D:11)
  11 anacondas
  3 hydras
  2 merfolk avatars
  6 rakshasas
  Erica (D:11)
  3 spriggan air magi
  5 merfolk aquamancers
  15 naga warriors
  46 two-headed ogres
  10 centaur warriors
  3 alligator snapping turtles
  3 death knights
  27 dancing weapons
  3 satyrs
  14 deep troll shamans
  A thrashing horror (WizLab)
  5 tengu warriors
  7 deep troll earth magi
  5 shock serpents
  20 naga sharpshooters
  A titan skeleton (Crypt:2)
  4 vampire magi
  A shock serpent (shapeshifter) (Vaults:3)
  26 deep elf knights
  12 spriggan berserkers
  2 soul eaters (Crypt:1)
  19 hell knights
  3 shadow wraiths
  33 skeletal warriors
  8 iron trolls
  A fire crab (shapeshifter) (Depths:3)
  An iron giant zombie (Crypt:1)
  A storm dragon skeleton (WizLab)
  A quicksilver dragon simulacrum (Crypt:3)
  14 sea snakes
  A sea snake (shapeshifter) (Vaults:5)
  4 flayed ghosts
  5 glowing orange brains
  2 unseen horrors
  20 deep trolls
  14 phantasmal warriors
  An obsidian statue (WizLab)
  An anaconda skeleton (Crypt:2)
  21 deep elf archers
  2 starcursed masses (WizLab)
  A sphinx zombie (Vaults:1)
  12 naga ritualists
  2 golden dragon skeletons (Crypt:2)
  14 ironbrand convokers
  8 wizards
  2 mana vipers (shapeshifter) (Depths:2)
  21 harpies
  A harpy (shapeshifter) (Vaults:2)
  A shadow dragon zombie (Depths:3)
  14 mana vipers
  15 orc sorcerers
  2 iron giant skeletons
  An orb spider (shapeshifter) (Vaults:3)
  9 orc knights
  15 necromancers
  59 deep elf magi
  2 wolf spiders
  An oklob plant (Lair:4)
  A frost giant zombie (Depths:3)
  2 shadow dragon skeletons
  21 fauns
  A stone giant zombie (Vaults:1)
  An elephant (shapeshifter) (Vaults:5)
  A shining eye (shapeshifter) (Depths:3)
  2 worldbinders (WizLab)
  13 cyclopes
  59 ugly things
  A moth of wrath (shapeshifter) (D:11)
  3 iron dragon skeletons (Crypt:2)
  6 salamanders
  10 manticores
  2 frost giant skeletons
  5 elephants (Lair:6)
  3 centaur zombies
  34 black mambas
  4 guardian serpents
  A moth of wrath (Zot:1)
  2 fire giant skeletons
  26 naga magi
  4 water nymphs
  7 merfolk sirens
  A stone giant skeleton (Crypt:2)
  12 vault sentinels
  Joseph (D:8)
  A smoke demon (WizLab)
  A gargoyle (D:14)
  An orange demon (WizLab)
  A torpor snail (Lair:4)
  10 apocalypse crabs (Depths:4)
  2 dire elephant skeletons (Crypt:2)
  An elf zombie (Depths:3)
  An elf skeleton (WizLab)
  10 spiny frogs
  Psyche (D:10)
  A hellion (Depths:3)
  A demonspawn skeleton (WizLab)
  A dire elephant zombie (Crypt:2)
  3 kobold demonologists (D:12)
  7 freezing wraiths
  55 yaktaurs
  A rime drake (Lair:5)
  2 komodo dragons
  An ice devil (Depths:5)
  2 rime drakes (shapeshifter)
  3 yaktaur skeletons
  A guardian mummy (Crypt:3)
  A green draconian skeleton (Crypt:2)
  An ancient zyme (WizLab)
  A hellwing (Depths:3)
  2 polar bears (shapeshifter)
  37 merfolk
  A red devil (Depths:3)
  The ghost of Zgarb the Skirmisher, an amateur GnWn (D:3)
  A pale draconian skeleton (Crypt:3)
  A jumping spider (Vaults:4)
  2 tengu conjurers
  8 trolls
  2 wind drakes
  5 polar bears (Lair:6)
  3 meliai (D:15)
  A hornet (shapeshifter) (Vaults:1)
  A blink frog (shapeshifter) (Vaults:3)
  A harpy skeleton (D:15)
  A merfolk (shapeshifter) (Vaults:5)
  A tarantella zombie (Crypt:3)
  20 blink frogs
  3 hydra skeletons (Crypt:2)
  6 hippogriffs
  12 hornets
  A minotaur skeleton (Crypt:2)
  2 ice dragon zombies
  10 snapping turtles
  18 slime creatures
  15 dream sheep
  2 human simulacra (Vaults:3)
  An ettin zombie (Vaults:3)
  A stone giant simulacrum (Crypt:2)
  4 ice dragon skeletons (Crypt:2)
  4 air elementals
  A shadow (Crypt:3)
  A shock serpent simulacrum (Crypt:3)
  19 spriggans
  A spriggan (shapeshifter) (Vaults:2)
  An alligator skeleton (Crypt:2)
  16 water elementals
  48 yaks
  3 wyverns
  2 basilisks
  An ettin skeleton (Crypt:2)
  3 fire elementals
  A redback (Vaults:4)
  9 flying skulls (Crypt:2)
  14 wraiths
  A fire dragon skeleton (Crypt:2)
  3 ushabtiu (Crypt:3)
  A hog (shapeshifter) (Depths:2)
  A hog (Shoals:1)
  13 small abominations
  A hungry ghost (D:12)
  A yaktaur simulacrum (Vaults:1)
  7 wargs
  5 chaos spawn
  A spatial vortex (WizLab)
  An insubstantial wisp (WizLab)
  57 nagas
  3 acid dragons (Vaults:2)
  A hell hound (Snake:2)
  A soldier ant (D:13)
  16 water moccasins
  A water nymph zombie (Crypt:3)
  12 porcupines
  13 large abominations
  2 black bears (Lair:6)
  3 ice beasts
  21 orc warriors
  An eye of draining (D:14)
  A faun skeleton (Crypt:2)
  2 sky beasts
  3 elephant zombies (Lair:5)
  A snapping turtle zombie (Crypt:2)
  8 boggarts
  An ettin simulacrum (Crypt:2)
  2 necrophages (D:15)
  24 centaurs
  4 phantoms
  2 swamp dragon skeletons (Crypt:2)
  36 ogres
  36 wolves
  A blink frog skeleton (Crypt:1)
  6 crocodiles
  A snapping turtle skeleton (Crypt:2)
  4 big kobolds
  A big kobold (shapeshifter) (Depths:4)
  4 earth elementals
  19 bullfrogs
  A wyvern zombie (Crypt:3)
  3 scorpions
  A wyvern skeleton (D:15)
  A cyclops skeleton (Crypt:3)
  18 killer bees
  A yak zombie (Crypt:3)
  9 electric eels
  6 wights
  4 howler monkeys
  4 crimson imps
  4 hounds
  6 human zombies
  17 jellies
  6 centaur skeletons
  2 bullfrog skeletons
  15 orc priests
  39 orc wizards
  2 iguanas
  11 worker ants
  5 human skeletons
  A demigod zombie (Crypt:2)
  An ogre zombie (Crypt:3)
  A crocodile zombie (Lair:5)
  A felid skeleton (Crypt:1)
  A naga skeleton (Crypt:2)
  A hound skeleton (D:8)
  12 mummies
  3 gnolls (D:3)
  19 adders
  3 shadow imps
  A white imp (Vaults:2)
  An ufetubus (WizLab)
  2 oozes
  A lava snake skeleton (Crypt:1)
  An adder zombie (D:6)
  4 worms
  3 dart slugs
  5 leopard geckos
  76 orcs
  3 ball pythons
  5 giant cockroaches
  9 goblins
  8 hobgoblins
  8 jackals
  23 kobolds
  5 quokkas
  10 bats
  7 frilled lizards
  A kobold skeleton (Crypt:2)
  2 orc zombies
  A quokka zombie (D:8)
  8 rats
  4 crawling corpses (Elf:3)
  A lurking horror (WizLab)
  2 plants
  2 starspawn tentacles (WizLab)
2361 creatures vanquished.

Vanquished Creatures (collateral kills)
  A lich (Vaults:5)
  2 deep elf blademasters
  2 deep elf master archers
  2 sphinxes (Vaults:5)
  2 titans
  An ancient champion (Crypt:3)
  Kirke (Shoals:1)
  A revenant (Crypt:3)
  A fire giant (Vaults:5)
  A nagaraja (Snake:4)
  5 frost giants
  3 deep elf sorcerers (Elf:3)
  A deep elf elementalist (Vaults:5)
  A war gargoyle (D:11)
  2 ironheart preservers (Vaults:5)
  A stone giant (Depths:3)
  A green draconian (Depths:5)
  4 very ugly things
  A black draconian (Crypt:1)
  2 purple draconians
  A white draconian (Crypt:1)
  A deep elf death mage (Elf:3)
  3 ettins
  A fire dragon (Depths:5)
  A jiangshi (Crypt:3)
  6 ogre magi
  A yaktaur captain (Vaults:4)
  2 vault guards
  2 naga warriors
  An anaconda (Snake:2)
  9 two-headed ogres
  A centaur warrior (D:11)
  2 dancing weapons (Elf:2)
  A tengu warrior (Depths:1)
  2 death yaks (Lair:4)
  A deep troll earth mage (Depths:3)
  A deep troll shaman (Depths:1)
  A naga sharpshooter (Snake:2)
  An orc high priest (Orc:1)
  Sonja (D:10)
  3 deep elf knights
  Nergalle (Orc:2)
  A deep troll (Vaults:4)
  2 skeletal warriors (Crypt:2)
  An entropy weaver zombie (Crypt:1)
  An ironbrand convoker (Vaults:4)
  4 harpies
  2 deep elf archers (Vaults:5)
  A deep elf mage (Crypt:3)
  2 mana vipers (Snake:4)
  2 ugly things
  A salamander (Snake:3)
  A large abomination (D:10)
  A manticore (Shoals:3)
  An elephant (Lair:6)
  4 vault sentinels
  A black mamba (Snake:1)
  4 naga magi (Snake:4)
  2 centaur skeletons
  An emperor scorpion zombie (Crypt:3)
  A komodo dragon (Lair:2)
  A spiny frog (Lair:2)
  A yaktaur (Depths:3)
  A merfolk (Shoals:3)
  A troll (Orc:1)
  2 dream sheep (Lair:6)
  An ettin zombie (Crypt:3)
  2 blink frogs
  2 flying skulls (Crypt:2)
  An air elemental (Depths:4)
  2 spriggans
  5 yaks
  3 nagas
  A harpy simulacrum (Crypt:3)
  A hell hound (Snake:2)
  A porcupine (Lair:4)
  An ice beast (D:7)
  3 orc warriors
  An ogre (shapeshifter) (D:15)
  2 boggarts (Depths:3)
  2 wolves (Lair:6)
  8 ogres
  A bullfrog (D:7)
  4 killer bees
  4 orc wizards
  An orc priest (D:3)
  A hound skeleton (D:10)
  A mummy (Crypt:3)
  A gnoll (D:3)
  12 orcs
  A goblin (D:2)
  A hobgoblin (D:3)
180 creatures vanquished.

Vanquished Creatures (others)
  A nagaraja (Snake:4)
  A very ugly thing (Vaults:5)
  An ogre mage (Depths:2)
  A salamander (Snake:3)
  A hell hound (Snake:2)
  A floating eye (Depths:3)
  A boggart (WizLab)
  An ogre (Vaults:4)
  A centaur (Depths:3)
  An orc (D:5)
  16 fungi
  124 plants
  A starspawn tentacle (WizLab)
151 creatures vanquished.

Grand Total: 2692 creatures vanquished

Notes
Turn   | Place    | Note
-------+----------+-------------------------------------------
     0 | D:1      | lolnoob the Demonspawn Hunter began the quest for the Orb.
     0 | D:1      | Reached XP level 1. HP: 16/16 MP: 1/1
    35 | D:1      | Reached skill level 4 in Crossbows
    37 | D:1      | Gained mutation: You have a somewhat thin skeletal structure. (Dex +2, Stealth) [demonic ancestry]
    37 | D:1      | Reached XP level 2. HP: 22/22 MP: 2/2
   498 | D:1      | Gained mutation: A weak demonic guardian rushes to your aid. [demonic ancestry]
   498 | D:1      | Reached XP level 3. HP: 27/27 MP: 3/3
   689 | D:1      | Reached skill level 1 in Stealth
  1001 | D:2      | Found an iron altar of Okawaru.
  1020 | D:2      | Found a faded altar of an unknown god.
  1131 | D:2      | Gained mutation: You have a pair of small antennae on your head. [demonic ancestry]
  1131 | D:2      | Reached XP level 4. HP: 30/33 MP: 4/4
  1178 | D:2      | Reached skill level 5 in Crossbows
  1268 | D:2      | Reached skill level 1 in Axes
  1302 | D:2      | Reached XP level 5. HP: 18/38 MP: 5/5
  1596 | D:2      | Reached skill level 1 in Armour
  1681 | D:2      | Became a worshipper of Warmaster Okawaru
  1963 | D:3      | Noticed Zgarb's ghost (amateur GnWn)
  1976 | D:3      | Killed Zgarb's ghost
  1976 | D:3      | Reached * piety under Okawaru
  1976 | D:3      | Reached XP level 6. HP: 46/46 MP: 6/6
  2451 | D:3      | Gained mutation: You have a moderately thin skeletal structure. (Dex +4, Stealth+) [demonic ancestry]
  2451 | D:3      | Reached XP level 7. HP: 21/51 MP: 7/7
  2685 | D:3      | You fall through a shaft for 3 floors!
  2783 | D:5      | Entered Level 5 of the Dungeon
  2876 | D:5      | Found a shimmering altar of Xom.
  3302 | D:4      | Found a staircase to the Ecumenical Temple.
  4002 | D:5      | Reached ** piety under Okawaru
  4029 | D:5      | Reached skill level 6 in Crossbows
  4251 | D:5      | Gained mutation: Your flesh is cold resistant. (rC+) [demonic ancestry]
  4251 | D:5      | Reached XP level 8. HP: 58/58 MP: 8/8
  4951 | D:6      | Reached skill level 7 in Crossbows
  5195 | D:6      | Reached *** piety under Okawaru
  5390 | D:7      | Reached skill level 8 in Crossbows
  5592 | D:7      | Gained mutation: You have a pair of antennae on your head. [demonic ancestry]
  5592 | D:7      | Reached XP level 9. HP: 30/64 MP: 9/9
  6354 | D:8      | Noticed Joseph
  6363 | D:8      | Killed Joseph
  6363 | D:8      | Reached **** piety under Okawaru
  6363 | D:8      | Reached skill level 9 in Crossbows
  6804 | D:8      | Received a gift from Okawaru
  6808 | D:8      | Gained mutation: You possess an exceptional clarity of mind. [mutagenic meat]
  7157 | D:9      | Reached skill level 5 in Stealth
  7175 | D:9      | Found a snail-covered altar of Cheibriados.
  7866 | D:10     | Entered Level 10 of the Dungeon
  7870 | D:10     | Found Oclap's Assorted Antiques.
  7874 | D:10     | Found a radiant altar of Vehumet.
  7889 | D:10     | Got a faintly humming plate armour
  7890 | D:10     | Identified the +15 plate armour of Servitude {+Blink} (You found it on level 10 of the Dungeon)
  7899 | D:10     | Bought a scroll of remove curse for 90 gold pieces
  7899 | D:10     | Bought a scroll of enchant armour for 225 gold pieces
  7899 | D:10     | Bought a scroll labeled XEOPLUDA TASUL for 30 gold pieces
  8023 | D:10     | Noticed Psyche
  8027 | D:10     | Killed Psyche
  8027 | D:10     | Reached skill level 10 in Crossbows
  8164 | D:10     | Found a staircase to the Orcish Mines.
  8173 | D:10     | Reached ***** piety under Okawaru
  8180 | D:10     | Gained mutation: You have a pair of large antennae on your head. (SInv) [demonic ancestry]
  8180 | D:10     | Reached XP level 10. HP: 59/73 MP: 10/10
  8319 | D:10     | Noticed Sonja
  8323 | D:10     | Noticed a wizard
  8326 | D:10     | Killed a wizard
  8331 | D:10     | Killed Sonja
  8645 | D:10     | Noticed a large abomination
  8645 | D:10     | Noticed a large abomination
  8645 | D:10     | Noticed a large abomination
  8660 | D:10     | Reached skill level 11 in Crossbows
  8727 | D:10     | HP: 2/73 [large abomination (25)]
  8737 | D:10     | Killed a large abomination
  8737 | D:10     | Received a gift from Okawaru
  8782 | D:11     | Noticed Erica
  8787 | D:10     | Noticed a large abomination
  9257 | D:10     | Killed a large abomination
  9257 | D:10     | Received a gift from Okawaru
  9257 | D:10     | Reached skill level 5 in Fighting
  9414 | D:10     | Killed a large abomination
  9414 | D:10     | Received a gift from Okawaru
  9422 | D:10     | Reached skill level 5 in Armour
  9438 | D:10     | Killed a large abomination
  9438 | D:10     | Reached skill level 12 in Crossbows
  9513 | D:10     | Got a pair of ichor-stained gloves {god gift}
  9527 | D:10     | Identified the -7 pair of gloves "Gaiqar" {Slay+3} (Okawaru gifted it to you on level 10 of the Dungeon)
  9634 | D:10     | Got a brightly glowing wooden ring
  9638 | D:10     | Identified the ring of Terra Nullius {+Fly MR+ SInv} (You found it on level 10 of the Dungeon)
  9847 | D:11     | Reached XP level 11. HP: 30/80 MP: 11/11
 10070 | D:11     | Noticed a two-headed ogre
 10073 | D:11     | Killed a two-headed ogre
 10119 | D:11     | Found a staircase to the Lair.
 10120 | D:11     | Noticed a two-headed ogre
 10133 | D:10     | Killed a two-headed ogre
 10617 | D:11     | Reached skill level 13 in Crossbows
 10702 | D:11     | Noticed a brown ugly thing
 10707 | D:11     | Lost mutation: You possess an exceptional clarity of mind. [potion of mutation]
 10707 | D:11     | Gained mutation: Your spells are a little easier to cast, but a little less powerful. [potion of mutation]
 10707 | D:11     | Gained mutation: You passively map a small area around you. [potion of mutation]
 10719 | D:11     | Killed a brown ugly thing
 10936 | D:11     | Received a gift from Okawaru
 11047 | D:11     | Identified a scroll of acquirement
 11050 | D:11     | Got a fine arbalest
 11051 | D:11     | Identified the +3 arbalest of Earthquakes {elec, *Slow Int+9 Dex+5} (You acquired it on level 11 of the Dungeon)
 11223 | D:11     | Killed Erica
 11238 | D:11     | Received a gift from Okawaru
 11430 | D:11     | Noticed a green ugly thing
 11434 | D:11     | Killed a green ugly thing
 11465 | D:11     | Noticed a brown ugly thing
 11468 | D:11     | Killed a brown ugly thing
 11468 | D:11     | Reached ****** piety under Okawaru
 11483 | D:11     | Noticed Harold
 11493 | D:11     | Killed Harold
 11725 | D:11     | Found a runed door.
 11725 | D:11     | Noticed a centaur warrior
 11729 | D:11     | Killed a centaur warrior
 11729 | D:11     | Received a gift from Okawaru
 11729 | D:11     | Reached skill level 14 in Crossbows
 11729 | D:11     | Gained mutation: A demonic guardian rushes to your aid. [demonic ancestry]
 11729 | D:11     | Reached XP level 12. HP: 82/89 MP: 12/12
 11730 | D:11     | Found the +4 skin of Zhor {rC+++}
 11756 | D:11     | Noticed a war gargoyle
 11765 | D:11     | Killed a war gargoyle
 11810 | D:11     | Noticed a deep troll earth mage
 11831 | D:11     | Killed a deep troll earth mage
 12365 | Orc:1    | Entered Level 1 of the Orcish Mines
 12557 | Orc:2    | Entered Level 2 of the Orcish Mines
 12564 | Orc:2    | Noticed a two-headed ogre
 12577 | Orc:2    | Killed a two-headed ogre
 12937 | Orc:2    | Noticed an ettin
 12939 | Orc:2    | Killed an ettin
 12989 | Orc:2    | Reached skill level 15 in Crossbows
 13105 | Orc:2    | Found a staircase to the Elven Halls.
 13224 | Orc:2    | Noticed an ogre mage
 13229 | Orc:2    | Killed an ogre mage
 13229 | Orc:2    | Received a gift from Okawaru
 13258 | Orc:2    | Found Kogaaf's Magic Scroll Shop.
 13313 | Orc:2    | Bought a scroll of blinking for 120 gold pieces
 13313 | Orc:2    | Bought a scroll of enchant armour for 120 gold pieces
 13313 | Orc:2    | Bought a scroll of immolation for 56 gold pieces
 13324 | Orc:2    | Found Geph's Antique Weapon Boutique.
 13357 | Orc:2    | Found an ancient bone altar of Kikubaaqudgha.
 13357 | Orc:2    | Paralysed by an orc sorcerer for 3 turns
 13362 | Orc:2    | Noticed Nergalle
 13368 | Orc:2    | Killed Nergalle
 13368 | Orc:2    | Received a gift from Okawaru
 13384 | Orc:2    | Found Ypaixkog's Gadget Shop.
 13406 | Orc:2    | Received a gift from Okawaru
 13414 | Orc:2    | Noticed Erolcha
 13418 | Orc:2    | Killed Erolcha
 13418 | Orc:2    | Gained mutation: You have an unnaturally thin skeletal structure. (Dex +6, Stealth++) [demonic ancestry]
 13418 | Orc:2    | Reached XP level 13. HP: 98/98 MP: 13/13
 13429 | Orc:2    | Got a faintly humming troll leather armour {god gift}
 13440 | Orc:2    | Identified the +3 troll leather armour of Ittulirr {rPois Regen+} (Okawaru gifted it to you on level 2 of the Orcish Mines)
 13455 | Orc:2    | Found a radiant altar of Vehumet.
 13510 | Orc:2    | Found a roughly hewn altar of Beogh.
 13520 | Orc:2    | Found Odeseig's Magic Scroll Boutique.
 13534 | Orc:2    | Bought a scroll of blinking for 90 gold pieces
 13881 | Orc:1    | Found a roughly hewn altar of Beogh.
 14056 | Orc:1    | Reached skill level 16 in Crossbows
 14378 | Lair:1   | Entered Level 1 of the Lair of Beasts
 14385 | Lair:1   | Got a dazzling buckler
 15294 | Lair:2   | Received a gift from Okawaru
 15298 | Lair:2   | Got a pair of blackened gloves {god gift}
 15304 | Lair:2   | Identified the +1 pair of gloves "Ypar" {rPois rCorr} (Okawaru gifted it to you on level 2 of the Lair of Beasts)
 15912 | Lair:2   | Identified the +1 buckler of Laocuhaxo {*Drain rN+ Regen+} (You found it on level 1 of the Lair of Beasts)
 17118 | Lair:4   | Reached skill level 17 in Crossbows
 17553 | Lair:4   | Reached XP level 14. HP: 106/106 MP: 14/14
 17672 | Lair:4   | Found a staircase to the Shoals.
 18053 | Lair:4   | Found a staircase to the Snake Pit.
 18592 | Lair:5   | Found a staircase to the Slime Pits.
 18743 | Lair:5   | Received a gift from Okawaru
 19232 | Lair:5   | Noticed Josephine
 19240 | Lair:5   | Killed Josephine
 19660 | Lair:6   | Entered Level 6 of the Lair of Beasts
 20195 | Lair:6   | Reached skill level 18 in Crossbows
 20560 | Lair:6   | Received a gift from Okawaru
 20670 | Lair:6   | Reached skill level 10 in Fighting
 21681 | D:12     | Found the +1 cloak of Starlight {rElec rC+ EV+4 Stlth--}
 22094 | D:13     | Received a gift from Okawaru
 22351 | D:13     | Reached XP level 15. HP: 116/116 MP: 15/15
 23235 | D:14     | Found a gate to the Vaults.
 23813 | D:15     | Entered Level 15 of the Dungeon
 23842 | D:14     | Reached skill level 10 in Armour
 24538 | D:15     | Reached skill level 19 in Crossbows
 24571 | D:15     | Received a gift from Okawaru
 24597 | D:15     | Found a staircase to the Depths.
 24895 | D:15     | Found a basalt altar of Yredelemnul.
 25311 | Depths:1 | Entered Level 1 of the Depths
 25541 | Snake:1  | Entered Level 1 of the Snake Pit
 25669 | Snake:1  | Received a gift from Okawaru
 25937 | Snake:1  | Found a bloodstained altar of Trog.
 26072 | Snake:1  | Gained mutation: You are robust. (+10% HP) [demonic ancestry]
 26072 | Snake:1  | Reached XP level 16. HP: 70/139 MP: 4/16
 26660 | Snake:1  | Received a gift from Okawaru
 27036 | Shoals:1 | Entered Level 1 of the Shoals
 27160 | Snake:2  | Received a gift from Okawaru
 27471 | Orc:2    | Bought the +9 heavy crossbow "Sniper" {velocity, Acc+∞ SInv} for 2207 gold pieces
 27471 | Orc:2    | Found the +9 heavy crossbow "Sniper" {velocity, Acc+∞ SInv}
 27761 | Snake:2  | Received a gift from Okawaru
 27767 | Snake:2  | Noticed Azrael
 27773 | Snake:2  | Killed Azrael
 27773 | Snake:2  | Reached skill level 20 in Crossbows
 28134 | Snake:2  | Noticed Vashnia
 28141 | Snake:2  | Received a gift from Okawaru
 28146 | Snake:2  | Killed Vashnia
 28146 | Snake:2  | Received a gift from Okawaru
 28615 | Snake:2  | Received a gift from Okawaru
 29056 | Snake:2  | Found Qebbonor's Gadget Boutique.
 29057 | Snake:2  | Found Bayn's Jewellery Shoppe.
 29058 | Snake:2  | Found Sabboiw's Gadget Boutique.
 29239 | Snake:2  | Received a gift from Okawaru
 29839 | Snake:3  | Reached skill level 21 in Crossbows
 29999 | Snake:4  | Entered Level 4 of the Snake Pit
 30165 | Snake:4  | Found Bulat's General Store.
 30176 | Snake:4  | Gained mutation: A powerful demonic guardian rushes to your aid. [demonic ancestry]
 30176 | Snake:4  | Reached XP level 17. HP: 129/146 MP: 13/17
 30242 | Snake:4  | Received a gift from Okawaru
 30671 | Snake:4  | Received a gift from Okawaru
 30760 | Snake:4  | Received a gift from Okawaru
 30819 | Snake:4  | Received a gift from Okawaru
 31334 | Snake:4  | Reached skill level 22 in Crossbows
 31567 | Snake:4  | Got a serpentine rune of Zot
 32239 | Shoals:1 | You fall through a shaft!
 32246 | Shoals:2 | Got a slimy glass ring
 32269 | Shoals:1 | Identified the ring "Foshrye" {*Contam rPois rN+ EV+4 Str+4} (You found it on level 2 of the Shoals)
 32282 | Shoals:1 | Noticed Donald
 32285 | Shoals:1 | Killed Donald
 32285 | Shoals:1 | Received a gift from Okawaru
 32289 | Shoals:1 | Got a bloodstained scarf {god gift}
 32300 | Shoals:1 | Identified the scarf of Weirdness {rC++ rCorr} (Okawaru gifted it to you on level 1 of the Shoals)
 32338 | Shoals:1 | Found Wiykkexeh's Distillery.
 32428 | Shoals:1 | Noticed Louise
 32436 | Shoals:1 | Killed Louise
 32577 | Shoals:1 | Noticed Kirke
 32582 | Shoals:1 | Killed Kirke
 33611 | Shoals:3 | Reached XP level 18. HP: 143/154 MP: 16/18
 33918 | Shoals:3 | Reached skill level 23 in Crossbows
 34058 | Shoals:3 | Received a gift from Okawaru
 34339 | Shoals:3 | Found Yfuskint's Jewellery Emporium.
 34647 | Shoals:4 | Entered Level 4 of the Shoals
 35098 | Shoals:4 | Received a gift from Okawaru
 35112 | Shoals:4 | Got a pair of heavily runed gloves {god gift}
 35113 | Shoals:4 | Identified the +2 pair of gloves of the Crown {rCorr SInv} (Okawaru gifted it to you on level 4 of the Shoals)
 35291 | Shoals:4 | Noticed Ilsuiw
 35300 | Shoals:4 | Killed Ilsuiw
 35394 | Shoals:4 | Reached skill level 24 in Crossbows
 35580 | Shoals:4 | Got a barnacled rune of Zot
 35714 | Shoals:4 | Identified Ipsaed Adio's Handbook of the Frostbite
 35741 | Shoals:4 | Found Lekhlecs's Armour Shop.
 35776 | Shoals:4 | Identified Cecixt's Incunabulum of the Sneaky Queens
 36202 | Vaults:1 | Entered Level 1 of the Vaults
 36743 | Vaults:1 | Received a gift from Okawaru
 36866 | Vaults:1 | Reached XP level 19. HP: 110/160 MP: 10/19
 37515 | Vaults:1 | Paralysed by an ogre mage for 3 turns
 37872 | Vaults:2 | Received a gift from Okawaru
 38042 | Vaults:2 | Reached skill level 25 in Crossbows
 39111 | Vaults:2 | Found Eduli's General Store.
 39171 | Vaults:2 | Noticed Saint Roka
 39656 | Vaults:2 | Received a gift from Okawaru
 39715 | Vaults:2 | Killed Saint Roka
 39715 | Vaults:2 | Received a gift from Okawaru
 39793 | Vaults:2 | Noticed Asterion
 39798 | Vaults:2 | Killed Asterion
 39903 | Vaults:2 | Received a gift from Okawaru
 40496 | Vaults:3 | Reached skill level 26 in Crossbows
 40503 | Vaults:3 | Gained mutation: You are immune to freezing clouds. [demonic ancestry]
 40503 | Vaults:3 | Reached XP level 20. HP: 168/168 MP: 20/20
 40516 | Vaults:3 | Received a gift from Okawaru
 40736 | Vaults:3 | Received a gift from Okawaru
 41666 | Vaults:3 | Found a staircase to the Crypt.
 41666 | Vaults:3 | Found an ancient bone altar of Kikubaaqudgha.
 41667 | Vaults:3 | Found a basalt altar of Yredelemnul.
 41791 | Vaults:3 | Noticed Margery
 41800 | Vaults:3 | Killed Margery
 43396 | Vaults:4 | Received a gift from Okawaru
 43734 | Vaults:4 | Received a gift from Okawaru
 43736 | Vaults:4 | Reached skill level 27 in Crossbows
 43918 | Vaults:4 | Got a steaming cloak {god gift}
 43919 | Vaults:4 | Identified the +0 cloak of the Planets {rF+ rC- Dex+2 SInv} (Okawaru gifted it to you on level 4 of the Vaults)
 44301 | Vaults:4 | Reached XP level 21. HP: 176/176 MP: 21/21
 44696 | Shoals:4 | Bought a +1 pair of boots of running for 693 gold pieces
 45004 | Elf:1    | Entered Level 1 of the Elven Halls
 45027 | Elf:1    | Found a radiant altar of Vehumet.
 45090 | Elf:1    | Found Ligog's Weapon Emporium.
 45093 | Elf:1    | Found Xegh's Distillery.
 45093 | Elf:1    | Found Ryhuckad's Food Shoppe.
 45098 | Elf:1    | Found Bifall's Book Shoppe.
 45208 | Elf:1    | Found Usexori's Distillery.
 45211 | Elf:1    | Bought a potion of heal wounds for 75 gold pieces
 45211 | Elf:1    | Bought a potion of heal wounds for 75 gold pieces
 45775 | Elf:1    | Found the +3 robe of Folly {Archmagi, MR-- Int+5}
 46334 | Elf:2    | Found a huge runed gate.
 46334 | Elf:2    | Found a huge runed gate.
 46334 | Elf:2    | Found a huge runed gate.
 46334 | Elf:2    | Found a huge runed gate.
 46338 | Elf:2    | Found a huge runed gate.
 46480 | Elf:2    | Gained mutation: A meltable icy envelope protects you from harm. (AC +0) [demonic ancestry]
 46480 | Elf:2    | Reached XP level 22. HP: 163/185 MP: 22/22
 46491 | Elf:2    | HP: 9/187 [glaive of protection (3)]
 47006 | Elf:2    | Received a gift from Okawaru
 47015 | Elf:2    | Got a fine chain mail {god gift}
 47218 | Elf:2    | Identified the +2 chain mail "Qiosteg" {*Drain rF+ Dex+7} (Okawaru gifted it to you on level 2 of the Elven Halls)
 47290 | Elf:3    | Entered Level 3 of the Elven Halls
 48728 | Elf:3    | Got a transparent pewter ring
 48984 | Elf:3    | Identified the ring of Interdependent Arising {Wiz Dex+7} (You took it off a deep elf blademaster on level 3 of the Elven Halls)
 48996 | Elf:3    | Got an ancient arbalest
 49025 | Elf:3    | Identified the Handbook of the Buccaneer
 49068 | Elf:3    | Identified the Handbook of Unstable Bewitchment
 49167 | Elf:3    | Identified the +2 arbalest "Lazodd" {elec, rElec rPois} (You found it on level 3 of the Elven Halls)
 49622 | Depths:1 | Reached skill level 15 in Fighting
 49858 | Depths:1 | Reached skill level 5 in Dodging
 49879 | D:15     | Received a gift from Okawaru
 50099 | Depths:1 | Received a gift from Okawaru
 50223 | Depths:1 | Found Gompyabe's Food Emporium.
 50260 | Depths:1 | Reached skill level 1 in Evocations
 50283 | Depths:1 | Found a one-way gate to the infinite horrors of the Abyss.
 50368 | Depths:1 | Reached skill level 1 in Spellcasting
 50602 | Depths:1 | Found Bycvaul's Distillery.
 50607 | Depths:1 | Bought a potion of lignification for 63 gold pieces
 50607 | Depths:1 | Bought a potion of heal wounds for 105 gold pieces
 50607 | Depths:1 | Bought a potion of heal wounds for 105 gold pieces
 50607 | Depths:1 | Bought a potion of heal wounds for 105 gold pieces
 50700 | Depths:1 | Found Enuar's Magic Scroll Emporium.
 51239 | Depths:1 | Found a gateway to Hell.
 51471 | Depths:1 | Bought a potion of curing for 63 gold pieces
 51471 | Depths:1 | Bought a potion of curing for 63 gold pieces
 51471 | Depths:1 | Bought a potion of curing for 63 gold pieces
 51610 | Depths:2 | Gained mutation: You are very robust. (+20% HP) [demonic ancestry]
 51610 | Depths:2 | Reached XP level 23. HP: 195/220 MP: 27/27
 51993 | Depths:2 | Received a gift from Okawaru
 52521 | Depths:2 | Found the macabre finger necklace {rN+}
 53315 | Depths:2 | Reached skill level 5 in Evocations
 53363 | Depths:2 | Received a gift from Okawaru
 53404 | Depths:2 | Got a faintly humming chain mail
 53405 | Depths:2 | Identified the +2 chain mail of the Ward {rCorr} (You found it on level 2 of the Depths)
 53873 | Snake:2  | Bought the ring "Porchama" {*Drain rElec rF+ MR+ Dex+4} for 878 gold pieces
 54233 | Crypt:1  | Entered Level 1 of the Crypt
 54267 | Crypt:1  | Found a magical portal.
 54281 | WizLab   | Entered The Roulette of Golubria
 54281 | WizLab   | Found a transporter.
 54286 | WizLab   | Found a corrupted altar of Lugonu.
 54447 | WizLab   | Found a transporter.
 54475 | WizLab   | Found a corrupted altar of Lugonu.
 54479 | WizLab   | Found a transporter.
 54527 | WizLab   | Found a transporter.
 54537 | WizLab   | Found a transporter.
 54582 | WizLab   | Found a transporter.
 54623 | WizLab   | Found a transporter.
 54680 | WizLab   | Found a transporter.
 54696 | WizLab   | Found a corrupted altar of Lugonu.
 54719 | WizLab   | Found a transporter.
 54764 | WizLab   | Reached skill level 5 in Spellcasting
 54767 | WizLab   | Found a transporter.
 54769 | WizLab   | Identified Golubria's Tome of Displacement
 54842 | WizLab   | Found a transporter.
 54892 | WizLab   | Found a transporter.
 54924 | WizLab   | Got a warped cloak
 54930 | WizLab   | Got a faintly glowing cloak
 54932 | WizLab   | Got a brightly glowing cloak
 54982 | WizLab   | Identified the +2 cloak "Noucw" {Str+4} (You found it in a wizard's laboratory)
 54983 | WizLab   | Identified the cursed +0 cloak of Forking Paths {MR+} (You found it in a wizard's laboratory)
 54984 | WizLab   | Identified the +0 cloak of Leapfrog {rN+ Regen+} (You found it in a wizard's laboratory)
 54992 | WizLab   | Got a distressingly furry cloak
 54993 | WizLab   | Identified the +1 cloak "Zupinuab" {Str+3} (You found it in a wizard's laboratory)
 55056 | WizLab   | Found a transporter.
 55056 | WizLab   | Found a transporter.
 55173 | WizLab   | Identified the Reference Book on Dislocation
 55220 | WizLab   | Found a transporter.
 55220 | WizLab   | Found a transporter.
 55258 | WizLab   | Found a transporter.
 55258 | WizLab   | Found a transporter.
 55296 | WizLab   | Found a transporter.
 55296 | WizLab   | Found a transporter.
 55678 | Temple   | Entered the Ecumenical Temple
 55835 | Temple   | Fell from the grace of Okawaru
 55835 | Temple   | Became a worshipper of Makhleb the Destroyer
 56224 | Crypt:1  | Learned a level 9 spell: Tornado
 56233 | Crypt:1  | Learned a level 8 spell: Disjunction
 57041 | Crypt:1  | Reached * piety under Makhleb
 57176 | Crypt:1  | Noticed Jorgrun
 57182 | Crypt:1  | Killed Jorgrun
 57826 | Crypt:2  | Reached ** piety under Makhleb
 58012 | Crypt:2  | Reached XP level 24. HP: 88/240 MP: 32/32
 59473 | Crypt:2  | Reached *** piety under Makhleb
 59864 | Crypt:2  | Found the +7 great mace "Undeadhunter" {disrupt, rN+}
 60082 | Crypt:3  | Entered Level 3 of the Crypt
 60113 | Crypt:3  | Reached **** piety under Makhleb
 60396 | Crypt:3  | Found an ancient bone altar of Kikubaaqudgha.
 60696 | Crypt:3  | Found a staircase to the Tomb.
 61510 | Crypt:3  | Got a fine steel ring
 61616 | Crypt:3  | Found a basalt altar of Yredelemnul.
 61619 | Crypt:3  | Found an ancient bone altar of Kikubaaqudgha.
 61631 | Crypt:3  | Got a scorched steel ring
 61631 | Crypt:3  | Got a twitching silver ring
 61633 | Crypt:3  | Identified the ring "Cairenie" {rElec rC- rN+ Int+4} (You took it off a skeletal warrior on level 3 of the Crypt)
 61634 | Crypt:3  | Identified the ring "Guduxixisa" {rN+ Int+3} (You found it on level 3 of the Crypt)
 61635 | Crypt:3  | Identified the ring of the Tortoise {rN+ SInv} (You found it on level 3 of the Crypt)
 61658 | Crypt:3  | Learned a level 8 spell: Necromutation
 62022 | Vaults:5 | Entered Level 5 of the Vaults
 62036 | Vaults:5 | Reached skill level 1 in Necromancy
 62036 | Vaults:5 | Reached ***** piety under Makhleb
 62052 | Vaults:5 | Noticed an ancient lich
 62061 | Vaults:5 | Killed an ancient lich
 62061 | Vaults:5 | Reached XP level 25. HP: 256/256 MP: 35/35
 62563 | Vaults:5 | Identified the Incunabulum of Flamy Contamination
 62595 | Vaults:5 | Reached skill level 5 in Necromancy
 62648 | Vaults:4 | HP: 10/259 [deep elf blademaster/short sword[the fury of Okawaru] (3)]
 63353 | Vaults:5 | Reached ****** piety under Makhleb
 63356 | Vaults:5 | Noticed an ancient lich
 63364 | Vaults:5 | Killed an ancient lich
 63537 | Vaults:5 | Got a coiled brass ring
 63540 | Vaults:5 | Identified the ring of Laxeqo Ulox {Ice Str+4} (You acquired it on level 5 of the Vaults)
 63560 | Vaults:5 | Learned a level 9 spell: Glaciate
 63569 | Vaults:5 | Got a silver rune of Zot
 64229 | Vaults:5 | Found the +9 scales of the Dragon King {rPois rF+ rC+ MR+}
 65773 | Depths:3 | Paralysed by a floating eye for 3 turns
 65863 | Depths:3 | Reached skill level 10 in Spellcasting
 65889 | Depths:3 | Noticed Frederick
 65915 | Depths:4 | HP: 7/262 [titan/the air[the fury of Okawaru] (15)]
 66392 | Depths:4 | Was forgiven by Okawaru
 66524 | Depths:3 | Killed Frederick
 66636 | Depths:3 | Reached XP level 26. HP: 274/274 MP: 37/37
 66637 | Depths:3 | Paralysed by a floating eye for 3 turns
 66681 | Depths:3 | Noticed a juggernaut
 66688 | Depths:3 | Killed a juggernaut
 66698 | Depths:3 | Noticed a juggernaut
 66710 | Depths:3 | Killed a juggernaut
 66745 | Depths:3 | Gained mutation: You are dopey. (Int -2) [a shining eye]
 66958 | Depths:3 | Found a gateway to a ziggurat.
 67504 | Depths:3 | Found a one-way gate leading to the halls of Pandemonium.
 68364 | Depths:4 | Found a corrupted altar of Lugonu.
 68750 | Depths:5 | Entered Level 5 of the Depths
 68900 | Depths:5 | Found the +7 captain's cutlass {speed, disarm}
 68977 | Depths:5 | Noticed a juggernaut
 68987 | Depths:5 | Killed a juggernaut
 69188 | Depths:5 | Found a gate to the Realm of Zot.
 69205 | Depths:5 | Reached skill level 10 in Necromancy
 69614 | Zot:1    | Entered Level 1 of the Realm of Zot
 69623 | Zot:1    | Gained mutation: You are extremely robust. (+30% HP) [demonic ancestry]
 69623 | Zot:1    | Reached XP level 27. HP: 282/314 MP: 40/40
 69691 | Zot:1    | HP: 15/314 [death cob (15)]
 69692 | Zot:1    | HP: 1/314 [death cob (19)]
 69692 | Zot:1    | Slain by a death cob

Vault maps used:
D:1:      dpeg_arrival_tiny_a, minmay_circled_x
D:2:      chequers_ecumenical_altar_simple_redux, okawaru_metal_pillars_1_2
D:4:      minmay_temple_entry_junction_2, abandoned_shop
D:5:      xom_confusion_cloud, first_bread
D:7:      minmay_misc_feat_tiny, the_bakery
D:8:      minmay_cornered_nines, grunt_ministairs_7, uniq_joseph
D:9:      cheibriados_altar_1
D:10:     david_orc_3, serial_shops, shop_fountains, basic_altar, laboratory,
          uniq_psyche, uniq_sonja
D:11:     grunt_lair_entry_orc_guard_hut, minivault_13, uniq_harold, uniq_erica
D:12:     bh_walls_and_bars
D:14:     erik_vaults_1, minmay_misc_feat_more_columns
D:15:     grunt_enter_depths_magical_seal, lemuel_mausoleum_altar_yredelemnul,
          minmay_misc_feat_tower
Temple:   minmay_crystal_snake_temple
Lair:2:   beast_lair_carwin_1, grunt_megastairs_1
Lair:3:   beast_lair_carwin_3
Lair:4:   minmay_shoals_entry_beasts, minmay_snake_entry_six_corridors
Lair:5:   pond_and_an_island_with_a_cottage, minmay_slime_entry_jelly_boxes,
          serial_bayou_shore_a, uniq_josephine
Lair:6:   minmay_lair_end_enchanted_forest, serial_bayou_lake_a
Shoals:1: serial_shops, nicolae_shop_competitors_out_of_business, uniq_louise,
          uniq_donald, uniq_kirke
Shoals:3: serial_shops, nicolae_shop_crystal
Shoals:4: shoals_end_grunt_garden, shoals_ilsuiw_alternative, serial_shops, shop
Snake:1:  nicolae_snake_hallway, basic_altar, spider_trap, serial_bayou_lagoon_b
Snake:2:  st_stairs_4, minmay_shop_grove, uniq_azrael, uniq_vashnia
Snake:4:  snake_pit, serial_shops, shop
Orc:1:    basic_altar
Orc:2:    kennysheep_orc_mage_school
Elf:1:    eino_elf_arrival_altar, serial_shops, shop,
          hangedman_elven_crosses_minicolossus, minmay_shoptagon
Elf:2:    nicolae_elf_w_pinch, serial_sigils_hangedman_snap
Elf:3:    minmay_elf_hall_not_hex, columned_hall_lemuel
Vaults:1: vaults_room_grunt_arrival_checkpoint, v_misc_13, v_misc_9,
          nicolae_vaults_sealed_display, vaults_mumra_chevron_long,
          vaults_dpeg_ring, nicolae_vaults_border_crossing, grunt_vaults_focal,
          nicolae_vaults_asterisk
Vaults:2: hangedman_vaults_slice, serial_ice_m, v_misc_3, vaults_room_door_hall,
          vaults_dpeg_cross, v_misc_26, ontoclasm_vaults_claustrophobia,
          nicolae_vaults_network_periphery, st_spiral_rooms, v_alt_pattern_5,
          ontoclasm_vaults_fault, serial_shops, nicolae_shop_statue_plus,
          uniq_saint_roka, uniq_asterion
Vaults:3: nicolae_vaults_network_s, ontoclasm_vaults_ring_large,
          minmay_crypt_entry_necro_gods, hangedman_vaults_slice,
          nicolae_vaults_meeting, nicolae_vaults_what_the_h,
          hangedman_vaults_nails, nicolae_vaults_little_squares_2,
          vaults_mumra_lcd, dpeg_vaults_monster_box, uniq_margery
Vaults:4: ontoclasm_vaults_bender, v_misc_30, v_misc_14,
          ontoclasm_vaults_ring_large, nicolae_vaults_theta, v_misc_1,
          ontoclasm_vaults_tryst, vaults_room_door_hall, v_misc_10,
          v_alt_pattern_6
Vaults:5: serial_shops
Crypt:1:  infiniplex_enter_wizlab_glasses, grunt_crypt_arrival_webbed,
          uniq_jorgrun
Crypt:2:  minmay_skeleton_keep, lemuel_elevator
Crypt:3:  lightli_unholy_cathedral,
          nicolae_tomb_entry_unfolded_pyramid_diagonal, basic_altar
Depths:1: hell_entry, serial_shops, shop, kennysheep_mini_moat,
          nicolae_shop_stone, minmay_room_of_horrors, minmay_misc_feat_alley,
          nrook_loot_triangle, minmay_item_behind_shaft, kennysheep_dice
Depths:2: minmay_the_grid_3x3, hell_entry
Depths:3: minmay_tearing_corner, enter_ziggurat_e, rand_demon_pan_entry_8,
          hangedman_decor_slide_cut, hell_entry, uniq_frederick
Depths:4: gammafunk_mikee_crab_dinner, hell_entry, abyss_entry_flame_altar,
          minmay_staircase_statues_hall_small
Depths:5: grunt_zot_entry_bicorn, hangedman_coc_ice_floe,
          minmay_misc_feat_ornament
Zot:1:    lemuel_baited_zot_trap
WizLab:   wizlab_golubria

Skill      XL: |  1  2  3  4  5  6  7  8  9 10 11 12 13 14 15 16 17 18 19 20 21 22 23 24 25 26 |
---------------+-------------------------------------------------------------------------------+-----
Crossbows      | 4 5 6 8 10 12 14 15 17 18 19 21 22 24 26 27 | 27.0
Stealth        | 1 2 3 4 5 |  5.0
Axes           | 1 3 4 |  4.2
Dodging        | 2 3 4 5 6 |  6.2
Armour         | 1 2 3 5 6 7 8 9 11 12 14 | 14.3
Fighting       | 3 4 5 6 7 8 10 11 12 13 16 18 21 23 25 | 25.4
Evocations     | 2 6 7 |  7.0
Spellcasting   | 3 6 8 10 13 | 13.1
Necromancy     | 4 7 10 | 10.2
Invocations    | |  0.8

Action                   |  1- 3 |  4- 6 |  7- 9 | 10-12 | 13-15 | 16-18 | 19-21 | 22-24 | 25-27 || total
-------------------------+-------+-------+-------+-------+-------+-------+-------+-------+-------++-------
Melee: Hand axe          |    23 |   192 |    30 |       |       |       |       |       |       ||   245
       Short sword       |    10 |       |       |       |       |       |       |       |       ||    10
 Fire: Hand crossbow     |    63 |     2 |    20 |       |       |       |       |       |       ||    85
       Arbalest          |       |       |   225 |   441 |  1351 |   144 |       |       |       ||  2161
       Heavy crossbow    |       |       |       |       |       |   888 |   797 |  1444 |  1014 ||  4143
Invok: Heroism           |       |       |       |     2 |       |     7 |     5 |     4 |       ||    18
       Finesse           |       |       |       |       |       |       |     1 |       |       ||     1
Evoke: Wand              |       |       |       |     3 |     4 |     3 |       |     3 |     1 ||    14
  Use: Scroll            |     2 |     2 |    20 |     8 |     9 |    16 |    14 |    24 |    12 ||   107
       Potion            |     2 |     2 |     3 |    10 |       |     7 |     3 |    12 |    10 ||    49
 Stab: Sleeping          |     1 |     4 |       |       |       |       |       |       |       ||     5
       Distracted        |       |     2 |       |       |       |       |       |       |       ||     2
  Eat: Chunk             |       |     5 |     7 |     3 |    19 |     2 |     5 |     2 |       ||    43
       Bread ration      |       |       |     1 |       |       |     1 |     4 |     8 |     1 ||    15
       Meat ration       |       |       |     2 |     2 |     4 |     6 |     1 |     2 |     4 ||    21
Armor: Leather armour    |     5 |       |       |       |       |       |       |       |       ||     5
       Ring mail         |    28 |   126 |     3 |       |       |       |       |       |       ||   157
       Scale mail        |       |       |    58 |    45 |       |       |       |       |       ||   103
       Skin              |       |       |       |    16 |       |       |       |       |       ||    16
       Plate armour      |       |       |       |    47 |   649 |   577 |   359 |  1524 |   498 ||  3654
       Chain mail        |       |       |       |       |       |       |       |     6 |       ||     6
       Gold dragon scale |       |       |       |       |       |       |       |       |   840 ||   840
Dodge: Dodged            |    32 |   152 |   101 |   103 |   436 |   520 |   304 |   926 |   659 ||  3233

Table legend:
 A = Spawn XP
 B = Non-spawn XP
 C = Spawn XP percentage of total XP
 D = Spawn monster count
 E = Non-spawn monster count
 F = Spawn count percentage of total count
 G = Total turns spent on level
                    A         B        C        D         E        F      G
               +---------+---------+-------+---------+---------+-------+---------
         Total |       0 | 1397439 |   0.0 |       0 |    2437 |   0.0 | 69692
               +---------+---------+-------+---------+---------+-------+---------
           D:1 |       0 |      50 |   0.0 |       0 |      27 |   0.0 |   996
           D:2 |       0 |     203 |   0.0 |       0 |      31 |   0.0 |   979
           D:3 |       0 |     493 |   0.0 |       0 |      33 |   0.0 |  1130
           D:4 |       0 |     269 |   0.0 |       0 |       6 |   0.0 |   879
           D:5 |       0 |     794 |   0.0 |       0 |      21 |   0.0 |  1213
           D:6 |       0 |     516 |   0.0 |       0 |      11 |   0.0 |   536
           D:7 |       0 |     744 |   0.0 |       0 |      20 |   0.0 |  1036
           D:8 |       0 |    1164 |   0.0 |       0 |      16 |   0.0 |   898
           D:9 |       0 |     377 |   0.0 |       0 |       6 |   0.0 |   798
          D:10 |       0 |    6780 |   0.0 |       0 |      28 |   0.0 |  2387
          D:11 |       0 |   15348 |   0.0 |       0 |      66 |   0.0 |  2186
          D:12 |       0 |    3783 |   0.0 |       0 |      39 |   0.0 |   727
          D:13 |       0 |    7278 |   0.0 |       0 |      45 |   0.0 |   990
          D:14 |       0 |    7796 |   0.0 |       0 |      34 |   0.0 |  1374
          D:15 |       0 |   30102 |   0.0 |       0 |      80 |   0.0 |  1948
        Lair:1 |       0 |    2398 |   0.0 |       0 |      14 |   0.0 |  1167
        Lair:2 |       0 |    5900 |   0.0 |       0 |      32 |   0.0 |  1234
        Lair:3 |       0 |    3116 |   0.0 |       0 |      14 |   0.0 |  1063
        Lair:4 |       0 |   10867 |   0.0 |       0 |      54 |   0.0 |  1867
        Lair:5 |       0 |    9306 |   0.0 |       0 |      46 |   0.0 |  1102
        Lair:6 |       0 |   18448 |   0.0 |       0 |      91 |   0.0 |  1640
      Shoals:1 |       0 |   10688 |   0.0 |       0 |      14 |   0.0 |   690
      Shoals:2 |       0 |   17831 |   0.0 |       0 |      30 |   0.0 |   856
      Shoals:3 |       0 |   21808 |   0.0 |       0 |      46 |   0.0 |  1125
      Shoals:4 |       0 |   47480 |   0.0 |       0 |      87 |   0.0 |  1369
       Snake:1 |       0 |   38116 |   0.0 |       0 |      77 |   0.0 |  1771
       Snake:2 |       0 |   29556 |   0.0 |       0 |      50 |   0.0 |  1798
       Snake:3 |       0 |   10260 |   0.0 |       0 |      19 |   0.0 |   665
       Snake:4 |       0 |   48713 |   0.0 |       0 |      87 |   0.0 |  2029
         Orc:1 |       0 |    7012 |   0.0 |       0 |      38 |   0.0 |   614
         Orc:2 |       0 |   11977 |   0.0 |       0 |      62 |   0.0 |  1504
         Elf:1 |       0 |   24950 |   0.0 |       0 |      40 |   0.0 |  1311
         Elf:2 |       0 |   30924 |   0.0 |       0 |      41 |   0.0 |  1238
         Elf:3 |       0 |   50059 |   0.0 |       0 |      49 |   0.0 |  1734
      Vaults:1 |       0 |   38202 |   0.0 |       0 |      68 |   0.0 |  1800
      Vaults:2 |       0 |   77854 |   0.0 |       0 |     126 |   0.0 |  3337
      Vaults:3 |       0 |   50177 |   0.0 |       0 |      65 |   0.0 |  2173
      Vaults:4 |       0 |   38025 |   0.0 |       0 |      62 |   0.0 |  2089
      Vaults:5 |       0 |  158235 |   0.0 |       0 |     125 |   0.0 |  2231
       Crypt:1 |       0 |   36817 |   0.0 |       0 |      42 |   0.0 |  2013
       Crypt:2 |       0 |   55223 |   0.0 |       0 |      91 |   0.0 |  2582
       Crypt:3 |       0 |   53029 |   0.0 |       0 |      70 |   0.0 |  1468
      Depths:1 |       0 |   48979 |   0.0 |       0 |      72 |   0.0 |  1462
      Depths:2 |       0 |   80035 |   0.0 |       0 |      80 |   0.0 |  2294
      Depths:3 |       0 |  124488 |   0.0 |       0 |     115 |   0.0 |  2124
      Depths:4 |       0 |   57369 |   0.0 |       0 |      62 |   0.0 |  1059
      Depths:5 |       0 |   66118 |   0.0 |       0 |      58 |   0.0 |   864
         Zot:1 |       0 |   18190 |   0.0 |       0 |       9 |   0.0 |    78
        WizLab |       0 |   19592 |   0.0 |       0 |      38 |   0.0 |  1069
               +---------+---------+-------+---------+---------+-------+---------
